 Dungeon Crawl Stone Soup version 0.32-a0-666-ge8a88695a4 (webtiles) character file.

Game seed: 10205894577926263105

21 ezpacito the Trooper (level 2, 0/24 HPs)
             Began as a Coglin Chaos Knight on Mar 10, 2024.
             Was a Plaything of Xom.
             Slain by a gnoll
             ... wielding a +0 spear
              (8 damage)
             ... on level 2 of the Dungeon.
             The game lasted 00:00:41 (848 turns).

ezpacito the Trooper (Coglin Chaos Knight)           Turns: 848, Time: 00:00:42

Health: 0/24       AC:  5    Str: 12    XL:     2   Next: 83%
Magic:  2/2        EV: 11    Int: 11    God:    Xom [..*...]
Gold:   34         SH:  0    Dex: 13    Spells: 1/1 levels left

rFire   . . .        a - +0 hand axe (chaos) {Eiko}
rCold   . . .        d - +0 dagger {Senakhtenre}
rNeg    . . .        b - +2 leather armour
rPois   .            (no helmet)
rElec   .            (no cloak)
rCorr   .            (no gloves)
SInv    .            (no boots)
Will    .....        (amulet unavailable)
Stlth   +            (ring unavailable)
HPRegen 0.24/turn    (ring unavailable)
MPRegen 0.08/turn    (no gizmo)

%: no passive effects
@: no status effects
A: off-hand wielding, slow wielding, warmup strikes, no jewellery
a: Invent Gizmo, Renounce Religion


You were on level 2 of the Dungeon.
You worshipped Xom.
You were a toy of Xom.
You visited 1 branch of the dungeon, and saw 2 of its levels.

You collected 34 gold pieces.

Inventory:

Hand Weapons
 a - a +0 hand axe of chaos (weapon) {Eiko}
 d - a +0 dagger (offhand) {Senakhtenre}
Missiles
 e - 2 curare-tipped darts (quivered)
 m - 6 boomerangs
Armour
 b - a +2 leather armour (worn)
Scrolls
 c - a scroll of butterflies
 f - a scroll of teleportation {unknown}
 i - a scroll of identify {unknown}
 n - a scroll of acquirement {unknown}
Potions
 g - a potion of cancellation {unknown}
 h - a potion of brilliance {unknown}
 j - 2 potions of curing {unknown}
 k - a potion of ambrosia {unknown}
 l - 2 potions of might {unknown}


   Skills:
 * Level 3.1 Fighting
 * Level 3.1(3.2) Axes
 + Level 0.1(1.7) Polearms
 * Level 2.0 Armour
 * Level 1.5 Dodging
 + Level 0.1 Stealth
 + Level 0.1 Spellcasting


You had one spell level left.
You didn't know any spells.
Your spell library was empty.

Dungeon Overview and Level Annotations

Branches:
Dungeon (2/15)

Altars:

Shops:
D:1 *


Innate Abilities, Weirdness & Mutations

You can wield a second weapon in your off-hand.
It takes a long time for you to wield or remove held weapons.
Your first few attacks do less damage.
You cannot equip rings or amulets.


Message History

As you open the door, it creaks loudly!
There is a stone staircase leading up here.
You open the door.
There is an open door here.
n - a scroll labelled KICOEC PUIQAOT No target in view!
j - 2 fuming white potions (gained 1)
You open the large door.
A gnoll comes into view. It is wielding a +0 spear.
The gnoll shouts!
You hear a shout!
A gnoll is nearby!
A gnoll comes into view. It is wielding a +0 spear.
The gnoll shouts!
There is a large open door here.
A gnoll comes into view.
It is wielding a +0 whip and quivering 2 throwing nets.
The gnoll shouts!
The gnoll hits you with a +0 spear.
The gnoll hits you from afar with a +0 spear.
The gnoll throws a throwing net.
The throwing net hits you.
You become entangled in the net!
There is a large open door, spattered with blood here.
You see here a throwing net.
You take 7 damage, and have 17/24 hp.
MASSIVE DAMAGE!!
You struggle against the net.
The gnoll hits you with a +0 spear. The gnoll barely misses you.
You tear a large gash into the net.
The gnoll hits you but does no damage.
The gnoll hits you from afar with a +0 spear.
You take 1 damage, and have 16/24 hp.
You are too injured to fight recklessly!
You are too injured to fight recklessly!
You are too injured to fight recklessly!
Okay, then.
You struggle against the net.
The gnoll barely misses you. The gnoll hits you with a +0 spear.
The gnoll barely misses you.
You take 2 damage, and have 14/24 hp.
You shred the net and break free! The gnoll closely misses you.
The gnoll hits you from afar with a +0 spear.
The gnoll hits you with a +0 spear!
You die...
Xom thinks this is hilarious!

#........#
#........#
#........#
#..#........#
####..#.........
.....#...g..[..
#+#
.......gg......
#.. #..##@# #.#
#######..##'##
#.#
#............#
#.#
#............#
###'#
#............#
#....
#............#
#....
+............#
+...<
#............#
#. #....
#..(.........#
#.#+#######'#


You could see 3 gnolls.

Vanquished Creatures
  A ball python (D:1)
  2 goblins (D:1)
  4 hobgoblins (D:1)
  3 jackals (D:1)
  A quokka (D:1)
  A bat (D:1)
  4 frilled lizards (D:1)
  3 rats (D:1)
19 creatures vanquished.

Notes
Turn   | Place    | Note
-------+----------+-------------------------------------------
     0 | D:1      | ezpacito the Coglin Chaos Knight began the quest for the
                  | Orb.
     0 | D:1      | Reached XP level 1. HP: 18/18 MP: 1/1
    20 | D:1      | XOM: silly message
    30 | D:1      | Found Xankox's General Store.
    60 | D:1      | XOM: silly message
    99 | D:1      | Reached skill level 1 in Dodging
   166 | D:1      | Reached XP level 2. HP: 24/24 MP: 2/2
   501 | D:1      | XOM: divination: detect creatures
   848 | D:2      | Slain by a gnoll

Illustrated notes

Levels and vault maps discovered:
D:1:      heliophobic_arrival_henge, layout_loops_ring, serial_shops, shop,
          hangedman_abyss_or_decor_lesser_grid, minmay_misc_feat_room
D:2:      layout_basic

Skill      XL: |  1  2 |
---------------+-------+-----
Dodging        | 1 |  1.5
Armour         | 2 |  2.0
Fighting       | |  3.1
Axes           | |  3.1
Polearms       | |  0.1
Stealth        | |  0.1
Spellcasting   | |  0.1

Action                     || total
---------------------------++-------
  Melee: Hand axe          ||    31
         Dagger            ||    30
 Armour: Leather armour    ||    23
  Dodge: Dodged            ||    25

Table legend: (Time is in decaauts)
 A = Elapsed time spent in this place.
 B = Non-inter-level travel time spent in this place.
 C = Inter-level travel time spent in this place.
 D = Time resting spent in this place.
 E = Time spent auto-exploring this place.
 F = Levels seen in this place.
 G = Mean time per level.
                   A        B        C        D        E       F      G
               +--------+--------+--------+--------+--------+-----+--------+
         Total |    850 |    789 |     61 |      0 |    689 |   2 |  425.0 |
       Dungeon |    850 |    789 |     61 |      0 |    689 |   2 |  425.0 |
               +--------+--------+--------+--------+--------+-----+--------+

Top non-repeatable levels by time:
     D:1: 785 daAuts
     D:2: 64 daAuts
